 Seeded DCSS version 0.31.0-12-g77e489cdc1 (webtiles) character file.

Game seed: 947921846021 (custom seed)

19 lonewolfV2 the Shield-Bearer (level 2, 0/24 HPs)
             Began as a Formicid Fighter on Feb 14, 2024.
             Slain by Crazy Yiuf
             ... wielding a +3 quarterstaff of chaos
              (3 damage)
             ... on level 2 of the Dungeon.
             The game lasted 00:01:16 (1086 turns).

lonewolfV2 the Shield-Bearer (Formicid Fighter)     Turns: 1086, Time: 00:01:17

Health: 0/24       AC:  6    Str: 20    XL:     2   Next: 95%
Magic:  2/2        EV:  9    Int:  7    God:
Gold:   44         SH:  0    Dex: 13    Spells: 1/1 levels left

rFire   . . .        a - +0 war axe
rCold   . . .        c - +0 buckler
rNeg    . . .        b - +0 scale mail
rPois   .            (helmet unavailable)
rElec   .            (no cloak)
rCorr   .            (no gloves)
SInv    +            (no boots)
Will    .....        e - amulet of faith Stlth
                     (no ring)
HPRegen 0.24/turn    (no ring)
MPRegen 0.08/turn

%: faith
@: confused, weakened
A: permanent stasis, dig shafts and tunnels, antennae 3, four strong arms
a: Dig, Shaft Self


You were on level 2 of the Dungeon.
You visited 1 branch of the dungeon, and saw 2 of its levels.

You collected 44 gold pieces.

Inventory:

Hand Weapons
 a - a +0 war axe (weapon)
Armour
 b - a +0 scale mail (worn)
 c - a +0 buckler (worn)
Jewellery
 e - an amulet of faith (around neck)
Scrolls
 h - a scroll of blinking {unknown}
 i - a scroll of revelation {unknown}
 o - a scroll of vulnerability {unknown}
Potions
 d - a potion of might
 f - a potion of haste {unknown}
 g - a potion of degeneration {unknown}
 j - 3 potions of attraction
 k - a potion of lignification
 l - a potion of magic {unknown}
 m - 2 potions of curing {unknown}
 n - a potion of mutation {unknown}
 p - a potion of enlightenment {unknown}


   Skills:
 + Level 3.6 Fighting
 * Level 2.9 Axes
 - Level 3.2 Armour
 - Level 4.0 Shields


You had one spell level left.
You didn't know any spells.
Your spell library was empty.

Dungeon Overview and Level Annotations

Branches:
Dungeon (2/15)

Altars:
Zin

Annotations:
D:2 Crazy Yiuf


Innate Abilities, Weirdness & Mutations

You cannot be hasted, slowed, berserked, paralysed or teleported.
You can dig through walls and to a lower floor.
You have a pair of large antennae on your head. (SInv)
Your four strong arms can wield two-handed weapons with a shield.


Message History

You sense a monster nearby.
A kobold comes into view.
It is wielding a +0 hand axe and quivering poisoned darts.
A kobold is nearby!
The kobold throws a poisoned dart.
The poisoned dart closely misses you.
The kobold throws a poisoned dart.
You block the poisoned dart. You block the kobold's attack.
You hit the kobold but do no damage. The kobold hits you with a +0 hand axe.
The kobold hits you but does no damage.
You slash the kobold!
You kill the kobold!
Things that are here:
a +0 hand axe; 2 poisoned darts; a kobold corpse
p - a black potion You see here 4 stones.
There is a stone staircase leading down here.
Crazy Yiuf shouts!
Crazy Yiuf says, "Whiteboard mumblescurry stair!"
Could not explore, unopened runed door.
Could not explore, unopened runed door.
Could not explore, unopened runed door.
Could not explore, unopened runed door.
You open the door. You closely miss Crazy Yiuf.
Crazy Yiuf hits you with a +3 quarterstaff of chaos.
You feel your attacks grow feeble. You block Crazy Yiuf's attack.
You hit Crazy Yiuf.
Crazy Yiuf is lightly wounded.
Crazy Yiuf hits you with a +3 quarterstaff of chaos!
You are confused.
You closely miss Crazy Yiuf.
Crazy Yiuf is lightly wounded.
Crazy Yiuf hits you with a +3 quarterstaff of chaos.
Crazy Yiuf freezes you.
You hit Crazy Yiuf.
Crazy Yiuf is moderately wounded.
Crazy Yiuf hits you with a +3 quarterstaff of chaos!
* * * LOW HITPOINT WARNING * * *
Crazy Yiuf freezes you.
You die...

#....#
#....####
#.#####
#..#.###
#....#
##.#....
##.....##
♣....♣
##......#
###.#..#
♣♣...♣
####..####.#
#.#### ♣♣.♣♣
#....#####..
#.# ♣♣.♣
##......##..
####.####
♣.♣♣
######.#...
##....#..#
♣♣.♣
###.....
##........#
♣@♣♣
###...####
#.........#
#g# ##...###
#.........#
... #..###
#.........#
#...# ##.##
##........#
#)..# #..#
##...##..#
##### #.##
#########
###


You could see Crazy Yiuf.

Vanquished Creatures
  2 dart slugs
  4 ball pythons
  A bat (D:1)
  2 endoplasms (D:1)
  A goblin (D:1)
  2 kobolds
  A quokka (D:1)
  2 rats (D:2)
15 creatures vanquished.

Notes
Turn   | Place    | Note
-------+----------+-------------------------------------------
     0 | D:1      | lonewolfV2 the Formicid Fighter began the quest for the
                  | Orb.
     0 | D:1      | Reached XP level 1. HP: 18/18 MP: 1/1
    99 | D:1      | Reached XP level 2. HP: 19/24 MP: 2/2
   214 | D:1      | Found a faded altar of an unknown god.
   760 | D:2      | Found a glowing silver altar of Zin.
   917 | D:2      | Found a runed translucent door.
   918 | D:2      | Noticed Crazy Yiuf
  1086 | D:2      | Slain by Crazy Yiuf

Illustrated notes

Levels and vault maps discovered:
D:1:      minmay_arrival_solitary_statue, layout_rooms,
          shapermc_ecumenical_altar_venn, chequers_hall_statues_wall_a
D:2:      layout_rooms, basic_altar, uniq_crazy_yiuf_cottage

Action                     || total
---------------------------++-------
  Melee: War axe           ||    39
    Use: Scroll            ||     3
 Armour: Scale mail        ||    36
  Dodge: Dodged            ||    23
  Block: Buckler           ||    14
